 Dungeon Crawl Stone Soup version 0.31-a0-819-gf6de2f5ab6 (webtiles) character file.

Game seed: 18172113538535905918

2636 Kurtz the Cleaver (level 9, -2/63 HPs)
             Began as an Octopode Fighter on Sept 25, 2023.
             Was a Believer of Makhleb.
             Slain by a vampire (14 damage)
             ... on level 7 of the Dungeon.
             The game lasted 00:06:12 (5024 turns).

Kurtz the Cleaver (Octopode Fighter)                Turns: 5024, Time: 00:06:13

Health: -2/63      AC:  1    Str: 15    XL:     9   Next: 61%
Magic:  11/11      EV: 16    Int: 11    God:    Makhleb [**....]
Gold:   226        SH:  0    Dex: 15    Spells: 8/8 levels left

rFire   . . .        n - +5 woodcutter's axe
rCold   . . .        (shield currently unavailable)
rNeg    + . .        (helmet restricted)
rPois   .            g - amulet of regeneration
rElec   .            f - ring of positive energy
rCorr   .            u - +4 ring of slaying
SInv    .            (no ring)
Will    .....        (no ring)
Stlth   ++           (no ring)
HPRegen 1.10/turn    (no ring)
MPRegen 0.12/turn    (no ring)
                     (no ring)

%: no passive effects
@: no status effects
A: almost no armour, amphibious, 8 rings, camouflage 1, gelatinous body 1,
(nimble swimmer 1), tentacles
a: Renounce Religion, Minor Destruction


You were on level 7 of the Dungeon.
You worshipped Makhleb.
Makhleb was pleased with you.
You visited 2 branches of the dungeon, and saw 8 of its levels.
You also visited: Sewer.

You collected 226 gold pieces.

Inventory:

Hand Weapons
 a - a +0 war axe
 n - the +5 woodcutter's axe (weapon)
   (You found it on level 2 of the Dungeon)
Missiles
 d - 24 poisoned darts (quivered)
 x - 5 javelins
Armour
 b - a +0 buckler
Jewellery
 f - a ring of positive energy (left tentacle)
 g - an amulet of regeneration (around mantle)
 u - a +4 ring of slaying (right tentacle)
 y - an amulet of reflection
Wands
 D - a wand of flame (4)
 E - a wand of paralysis (12)
Scrolls
 e - 2 scrolls of blinking
 k - 2 scrolls of poison
 l - 2 scrolls of teleportation
 p - 4 scrolls of enchant weapon {unknown}
 q - a scroll of revelation
 r - a scroll of noise
 t - a scroll of vulnerability {unknown}
 w - a scroll of brand weapon {unknown}
 C - a scroll of enchant armour {unknown}
Potions
 c - 2 potions of might
 i - a potion of lignification
 j - 2 potions of brilliance
 o - 4 potions of haste
 v - 3 potions of cancellation {unknown}
 z - a potion of magic {unknown}
 A - 2 potions of heal wounds {unknown}
 B - a potion of mutation {unknown}


   Skills:
 + Level 6.7 Fighting
 * Level 8.9 Axes
 * Level 6.9 Dodging
 - Level 3.0 Shields
 * Level 3.9 Invocations


You had 8 spell levels left.
You didn't know any spells.
Your spell library contained the following spells:

 Spells                   Type           Power      Damage    Failure   Level
 Kiss of Death            Conj/Necr      0%         2d5       34%         1
 Necrotise                Necr           0%         1d4       34%         1
 Sandblast                Erth           0%         2d4       34%         1
 Blink                    Tloc           0%         N/A       47%         2
 Cigotuvi's Dreadful Rot  Necr/Pois/Air  0%         N/A       47%         2
 Lesser Beckoning         Tloc           0%         N/A       47%         2
 Momentum Strike          Conj/Tloc      0%         3d8       47%         2
 Passwall                 Tmut/Erth      0%         N/A       47%         2
 Wereblood                Tmut           0%         N/A       47%         2
 Confusing Touch          Hex            0%         N/A       71%         3
 Stone Arrow              Conj/Erth      0%         3d7       71%         3
 Vampiric Draining        Necr           0%         2d6       71%         3
 Brom's Barrelling Bould  Conj/Erth      0%         2d3       98%         4
 Dispel Undead            Necr           0%         3d6       98%         4
 Agony                    Necr           0%         N/A       100%        5
 Irradiate                Conj/Tmut      0%         3d11      100%        5
 Death Channel            Necr           0%         N/A       100%        6


Dungeon Overview and Level Annotations

Branches:
Dungeon (7/15)             Temple (1/1) D:5           Sewer (visited)

Altars:
Ashenzari
Cheibriados
Dithmenos
Elyvilon
Fedhas
Gozag
Hepliaklqana
Makhleb
Nemelex Xobeh
Okawaru
Qazlal
Ru
Sif Muna
Trog
Uskayaw
Vehumet
Wu Jian
Xom
Yredelemnul
Zin
The Shining One

Shops:
D:1 *

Annotations:
D:6 1 runed translucent door, Crazy Yiuf


Innate Abilities, Weirdness & Mutations

You cannot wear most types of armour.
You are amphibious.
You can wear up to eight rings at the same time.
Your skin changes colour to match your surroundings (Stealth+).
Your rubbery body absorbs attacks. (AC +1, EV +1)
((You are camouflaged when in or above water. (Stealth+)))
You have tentacles for arms and can constrict up to eight enemies at once.


Message History

As you read the scroll of identify, it crumbles to dust.
r - a scroll of noise
Found a leather armour.
Found a stone staircase leading up.
Found a scroll of identify.
You see here a +0 leather armour.
Found a stone staircase leading down.
Found an ornate altar of the Wu Jian Council.
Found 15 gold pieces.
h - a scroll of identify
As you read the scroll of identify, it crumbles to dust.
s - a potion of curing
Okay, then.
As you read the scroll of revelation, it crumbles to dust.
You feel aware of your surroundings.
You sensed 2 altars, and 1 shop/portal.
Found a basalt altar of Yredelemnul.
You drop 2 potions of degeneration.
A vampire comes into view.
You hear the slow hiss of a very distant avalanche of sand.
The vampire mumbles some strange words.
The vampire flickers and vanishes!
Deactivating autopickup; reactivate with Ctrl-A.
No target in view!
No target in view!
Something tries to affect you, but you resist.
Something hits you. Something barely misses you.
You miss something. You squeeze something! Something hits you.
Something bites you.
Something draws strength from your injuries!
You hit something. You squeeze something. Something hits you.
Something bites you!
Something draws strength from your injuries!
You slash something! Something hits you! Something bites you!
Something draws strength from your injuries!
You slash something! You squeeze something. Something hits you!
* * * LOW HITPOINT WARNING * * *
Something bites you!
* * * LOW HITPOINT WARNING * * *
Something draws strength from your injuries!
You feel better. Something hits you!
You die...

###### <....# ####.#
#.# #.# ####.# *####
.....############...#
###.............@...#
####.############...#
####.# *#.## ####.#
*.# ######* *,#
#_#**8*** *,***
...8,,,8*** *,,,*
...,,,,,**** ***,*
...,,,,,_*,* *,*


There were no monsters in sight!

Vanquished Creatures
  Prince Ribbit (D:5)
  3 yaks
  Eustachio (D:6)
  Menkaure (D:5)
  Edmund (D:6)
  3 ice beasts
  A black bear (D:5)
  2 centaurs
  A bullfrog (D:3)
  2 kobold brigands (D:6)
  3 wights (D:6)
  A howler monkey (D:6)
  A hound (D:6)
  A gnoll bouda (D:5)
  2 orc priests
  2 iguanas
  Natasha (thrice) (D:4)
  2 orc wizards (D:4)
  A hound zombie (D:4)
  A hound skeleton (D:4)
  A howler monkey skeleton (D:4)
  5 gnolls (D:5)
  8 adders
  6 river rats (Sewer)
  A hound simulacrum (D:4)
  A shadow imp (D:6)
  2 white imps
  2 ufetubi (D:5)
  An adder zombie (D:4)
  An adder skeleton (D:4)
  A worm (D:2)
  6 dart slugs
  25 orcs
  11 ball pythons
  4 endoplasms
  5 giant cockroaches
  4 goblins
  7 hobgoblins
  14 jackals
  13 kobolds
  6 quokkas
  7 bats
  9 frilled lizards
  10 rats
183 creatures vanquished.

Notes
Turn   | Place    | Note
-------+----------+-------------------------------------------
     0 | D:1      | Kurtz the Octopode Fighter began the quest for the Orb.
     0 | D:1      | Reached XP level 1. HP: 16/16 MP: 1/1
   111 | D:1      | Reached XP level 2. HP: 21/21 MP: 2/2
   442 | D:1      | Reached XP level 3. HP: 22/26 MP: 3/3
   494 | D:1      | Found Meiloyfebb's Assorted Antiques.
   759 | D:2      | Found the +5 woodcutter's axe
   826 | D:2      | Reached skill level 3 in Axes
  1135 | D:2      | Reached XP level 4. HP: 31/31 MP: 4/4
  1766 | D:3      | Noticed a bullfrog
  1769 | D:3      | Killed a bullfrog
  1770 | D:3      | Reached skill level 4 in Axes
  1770 | D:3      | Reached XP level 5. HP: 29/37 MP: 5/5
  2070 | D:4      | Noticed Natasha
  2078 | D:4      | Killed Natasha
  2079 | D:4      | Reached XP level 6. HP: 38/43 MP: 6/6
  2092 | D:4      | Identified the +0 dagger "Vaafih" {pain, Fly rN+ Will+
                  | Int+3}
  2178 | D:4      | Reached skill level 5 in Axes
  2289 | D:4      | Noticed Natasha
  2297 | D:4      | Killed Natasha
  2430 | D:4      | Noticed Natasha
  2437 | D:4      | Killed Natasha
  2509 | D:5      | Entered Level 5 of the Dungeon
  2574 | D:5      | Reached XP level 7. HP: 37/48 MP: 7/7
  2578 | D:5      | Found a staircase to the Ecumenical Temple.
  2590 | Temple   | Entered the Ecumenical Temple
  2617 | Temple   | Became a worshipper of Makhleb the Destroyer
  2712 | D:5      | Found a glowing drain.
  2719 | Sewer    | Entered a sewer
  2867 | Sewer    | Reached * piety under Makhleb
  3486 | D:5      | Reached skill level 6 in Axes
  3648 | D:5      | Noticed Prince Ribbit
  3651 | D:5      | Killed Prince Ribbit
  3652 | D:5      | Reached skill level 5 in Fighting
  3652 | D:5      | Reached skill level 5 in Dodging
  3652 | D:5      | Reached skill level 1 in Invocations
  3675 | D:5      | Noticed Menkaure
  3679 | D:5      | Killed Menkaure
  3680 | D:5      | Reached XP level 8. HP: 55/55 MP: 9/9
  3681 | D:5      | Found a glowing silver altar of Zin.
  3797 | D:5      | Reached skill level 7 in Axes
  3981 | D:6      | Noticed a yak
  3982 | D:6      | Noticed a yak
  3984 | D:6      | Noticed Edmund
  3985 | D:6      | Noticed a yak
  4007 | D:5      | Killed a yak
  4058 | D:5      | Killed a yak
  4058 | D:5      | Reached ** piety under Makhleb
  4059 | D:5      | Reached XP level 9. HP: 42/62 MP: 11/11
  4111 | D:6      | Killed Edmund
  4112 | D:6      | Reached skill level 8 in Axes
  4753 | D:6      | Found a runed translucent door.
  4774 | D:6      | Noticed Crazy Yiuf
  4828 | D:6      | Noticed Eustachio
  4835 | D:6      | Killed Eustachio
  4987 | D:7      | Found an ornate altar of the Wu Jian Council.
  4991 | D:7      | Found a basalt altar of Yredelemnul.
  5024 | D:7      | Slain by a vampire

Illustrated notes

Levels and vault maps discovered:
D:1:      minmay_arrival_three_doors, layout_basic, serial_shops, shop,
          moated_statue
D:2:      minmay_general_purpose_star, layout_basic
D:3:      layout_basic, nicolae_twisty_statue_hallways
D:4:      layout_basic, dilly_guarded_unrand_morg
D:5:      layout_cave_pods, kennysheep_little_box,
          minmay_temple_entry_large_hall, gup_sewer_entry_bubbles,
          uniq_menkaure, uniq_prince_ribbit1
D:6:      layout_basic, uniq_crazy_yiuf_cottage, uniq_eustachio, uniq_edmund
D:7:      layout_loops_ring, nicolae_overflow_hidden_temple,
          nicolae_ossuary_entry_monument
Temple:   compressed_dpeg_circular_temple

Skill      XL: |  1  2  3  4  5  6  7  8  9 |
---------------+----------------------------+-----
Axes           | 3 4 5 6 7 8 |  8.9
Dodging        | 4 5 6 |  6.9
Fighting       | 4 5 6 |  6.7
Invocations    | 1 3 |  3.9
Shields        | |  3.0

Action                     |  1- 3 |  4- 6 |  7- 9 || total
---------------------------+-------+-------+-------++-------
  Melee: War axe           |    46 |       |       ||    46
         Constrict         |    13 |    25 |    30 ||    68
         Punch             |     1 |     3 |     3 ||     7
         Tentacles         |     8 |    11 |    41 ||    60
         Battleaxe         |    18 |    96 |   156 ||   270
    Use: Scroll            |       |     5 |     7 ||    12
         Potion            |       |       |     1 ||     1
   Stab: Sleeping          |     8 |     6 |    12 ||    26
         Distracted        |       |       |     1 ||     1
 Armour: Skin              |    20 |    37 |    69 ||   126
  Dodge: Dodged            |    38 |    47 |    71 ||   156
  Block: Buckler           |    16 |       |       ||    16

Table legend: (Time is in decaauts)
 A = Elapsed time spent in this place.
 B = Non-inter-level travel time spent in this place.
 C = Inter-level travel time spent in this place.
 D = Time resting spent in this place.
 E = Time spent auto-exploring this place.
 F = Levels seen in this place.
 G = Mean time per level.
                   A        B        C        D        E       F      G
               +--------+--------+--------+--------+--------+-----+--------+
         Total |   5042 |   4766 |    276 |    199 |   3441 |   9 |  560.2 |
       Dungeon |   4478 |   4218 |    260 |    199 |   3115 |   7 |  639.7 |
        Temple |     43 |     27 |     16 |      0 |      0 |   1 |   43.0 |
         Sewer |    519 |    519 |      0 |      0 |    326 |   1 |  519.0 |
               +--------+--------+--------+--------+--------+-----+--------+

Top non-repeatable levels by time:
     D:6: 982 daAuts
     D:5: 912 daAuts
     D:2: 688 daAuts
     D:1: 668 daAuts
     D:4: 634 daAuts
     D:3: 534 daAuts
   Sewer: 519 daAuts
     D:7: 57 daAuts
  Temple: 43 daAuts
